Map: Frozen Temple

Players

Fropez - Winner!

  • Race: Protoss Protoss
  • League: Silver
  • Spawn Location: 5:00

Tyler

  • Race: Terran Terran
  • League: Bronze
  • Spawn Location: 11:00

VOD

Have the link to the VOD?

Description

Time

  • Played on: May 27, 2016, 10:38 a.m.
  • Length: 12:48
Show
View Real Time Build Order
Export as new Build Order

Fropez Protoss - Winner!

Build Orders:  

Get SALT Encoding   

  12  0:01  Probe (Chrono Boost)  
  13  0:16  Pylon  
  13  0:18  Probe (Chrono Boost)  
  14  0:28  Probe (Chrono Boost)  
  15  0:36  Gateway  
  15  0:39  Probe (Chrono Boost)  
  16  0:48  Assimilator  
  17  0:50  Probe (Chrono Boost)  
  17  1:00  Probe (Chrono Boost)  
  17  1:01  Pylon  
  18  1:11  Probe (Chrono Boost)  
  19  1:21  Probe (Chrono Boost)  
  19  1:23  Cybernetics Core  
  20  1:32  Probe (Chrono Boost)  
  21  1:38  Assimilator  
  21  1:42  Probe (Chrono Boost)  
  21  1:44  Pylon  
  22  1:53  Probe (Chrono Boost)  
  23  1:54  Pylon  
  23  2:04  Mothership Core (Chrono Boost)  
  25  2:11  Stalker  
  27  2:22  Probe (Chrono Boost)  
  27  2:28  Gateway  
  27  2:29  Warp Gate (Chrono Boost)  
  27  2:32  Probe  
  28  2:41  Stalker  
  30  2:45  Probe  
  31  2:55  Gateway  
  31  2:57  Probe  
  32  3:09  Probe  
  33  3:20  Stalker  
  33  3:21  Probe, Stalker  
  38  3:30  Forge  
  38  3:33  Probe  
  39  3:45  Probe  
  40  4:13  Probe  
  41  4:37  Protoss Ground Weapons Level 1 (Chrono Boost)  
  42  4:45  Probe  
  42  4:51  Nexus  
  42  4:52  Pylon  
  42  4:53  Pylon  
  42  4:54  Pylon  
  42  4:55  Photon Cannon, Stalker  
  42  4:57  Probe, Stalker  
  42  4:58  Assimilator  
  47  5:01  Assimilator  
  47  5:03  Pylon  
  47  5:30  Stalker x2  
  47  5:31  Stalker  
  53  5:39  Twilight Council, Probe  
  53  5:42  Robotics Facility  
  54  6:03  Blink (Chrono Boost)  
  54  6:16  Protoss Ground Weapons Level 2 (Chrono Boost)  
  54  6:19  Probe  
  56  6:25  Probe  
  60  6:33  Warp Prism  
  58  6:48  Stalker x3  
  58  6:49  Probe x2  
  66  6:57  Gateway  
  67  7:01  Probe  
  67  7:02  Probe  
  68  7:14  Stalker x3  
  75  7:30  Probe x2  
  75  7:32  Immortal  
  80  7:40  Photon Cannon  
  80  7:41  Gateway  
  80  7:42  Probe x2  
  82  7:50  Gateway  
  82  8:03  Stalker x2  
  86  8:05  Zealot  
  80  8:44  Stalker x3  
  75  8:54  Stalker x2  
  65  9:09  Stalker x3  
  67  9:34  Stalker x3  
  73  9:39  Protoss Ground Weapons Level 3 (Chrono Boost), Probe x2  
  75  9:46  Pylon  
  75  9:56  Photon Cannon  
  75  10:32  Stalker  
  75  10:33  Stalker x5  
  85  11:17  Stalker x2  
  85  11:18  Stalker x4  
  93  12:05  Stalker x4  
  101  12:17  Pylon x2  
Show
View Real Time Build Order
Export as new Build Order

Tyler Terran 

Build Orders:  

Get SALT Encoding   

  12  0:01  SCV  
  13  0:18  SCV  
  13  0:20  Supply Depot  
  14  0:30  SCV  
  15  0:42  SCV  
  16  0:48  Barracks  
  16  0:54  SCV  
  17  1:06  SCV  
  18  1:20  Command Center  
  18  1:21  SCV  
  19  1:27  Refinery  
  19  1:33  SCV  
  20  1:40  Refinery  
  20  1:41  Marine  
  21  1:48  Bunker  
  21  1:59  Marine, SCV  
  23  2:23  Barracks Reactor  
  23  2:31  SCV, Supply Depot  
  23  2:34  SCV  
  25  2:43  SCV, Factory  
  26  2:46  SCV  
  27  2:55  SCV  
  27  2:56  Supply Depot  
  28  2:58  SCV  
  28  3:03  Marine  
  28  3:04  Marine  
  31  3:07  SCV  
  31  3:10  SCV  
  32  3:39  SCV  
  32  3:41  Marine x2  
  35  3:43  Factory Tech Lab  
  35  3:49  Starport  
  35  3:51  SCV  
  35  3:53  Engineering Bay  
  35  3:54  SCV  
  35  3:55  Engineering Bay  
  37  3:58  Marine  
  37  3:59  Marine  
  38  4:03  Supply Depot  
  38  4:04  SCV  
  38  4:06  SCV  
  40  4:16  Marine x2, SCV  
  43  4:34  Marine  
  44  4:38  Supply Depot  
  44  4:39  Supply Depot  
  44  4:44  Marine  
  45  4:45  Terran Infantry Weapons Level 1, Terran Infantry Armor Level 1  
  45  4:51  Orbital Command  
  45  4:52  Marine  
  46  4:55  SCV  
  47  5:01  Siege Tank  
  50  5:07  SCV  
  50  5:11  Marine  
  50  5:12  Marine  
  53  5:20  Armory  
  53  5:40  Supply Depot  
  53  5:46  Siege Tank  
  56  5:53  SCV  
  54  6:05  SCV  
  55  6:18  Siege Tank, SCV  
  59  6:26  Supply Depot  
  59  6:30  SCV  
  59  6:32  Medivac  
  62  6:41  Supply Depot  
  62  6:47  Marine x2, SCV, Supply Depot, Terran Infantry Weapons Level 2  
  62  6:50  Siege Tank  
  68  6:55  Terran Infantry Armor Level 2  
  68  6:59  SCV  
  69  7:02  Refinery  
  69  7:04  Supply Depot  
  69  7:05  Marine, Refinery  
  70  7:09  Marine  
  70  7:11  SCV  
  70  7:13  Supply Depot  
  72  7:22  Marine  
  72  7:23  Missile Turret  
  72  7:27  Marine  
  74  7:40  Marine  
  75  7:46  SCV  
  76  7:52  Missile Turret  
  76  7:58  SCV  
  75  8:10  SCV  
  58  8:58  Marine x2  
  53  9:08  Bunker  
  44  9:16  Marine x2  
  37  9:33  Marine  
  37  9:34  Marine  
  38  9:51  Marine x2  
  37  10:00  Bunker  
  37  10:09  Marine x2  
  31  10:23  Barracks  
  31  10:24  Barracks  
  31  10:25  Barracks x2  
  31  10:27  Marine x2  
  31  10:28  Barracks  
  29  10:31  Barracks  
  26  10:45  Marine x2  
  18  11:18  Command Center  
  18  11:21  Barracks Reactor x3  
  18  11:22  Barracks Reactor x2  
  18  11:41  Barracks Tech Lab  
  11  12:03  Marine x7  
  11  12:04  Marine x3  
  11  12:06  Marauder  
Tags
 
Matchup
PvT
Replay Pack
All Mines
Spawn Locations
Cross Positions
Add a new tag
Caveats
  • Supply blocks, unpowered buildings, or Contaminate may cause inaccurate times.
  • Supply counts are checked every 10 seconds.